 Dungeon Crawl Stone Soup version 0.30.1 (webtiles) character file.

Game seed: 13553392275517433185

832 Pepete the Thaumaturge (level 8, 0/50 HPs)
             Began as a Djinni Fire Elementalist on July 9, 2023.
             Slain by an orc warrior
             ... wielding a +0 halberd
              (8 damage)
             ... on level 4 of the Dungeon.
             The game lasted 00:07:59 (5928 turns).

Pepete the Thaumaturge (Djinni Fire Elementalist)   Turns: 5928, Time: 00:08:00

Health: 0/50       AC:  6    Str:  5 (7)  XL:     8   Next: 18%
Gold:   170        EV: 12    Int: 17 (19) God:
                   SH:  0    Dex: 13 (14)

rFire   + + .        (no weapon)
rCold   x . .        (no shield)
rNeg    . . .        a - +0 robe
rPois   ∞            l - +0 helmet
rElec   .            h - +2 cloak
rCorr   .            (no gloves)
SInv    .            (boots unavailable)
Will    .....        (no amulet)
Stlth   ++           (no ring)
HPRegen 0.28/turn    (no ring)
MPRegen 0.00/turn

%: infuse magic (-1 HP)
@: flying
A: sickness immunity, fire resistance 2, cold vulnerability 1, float, innate
caster, HP casting, extra vitality 1
a: no special abilities


You were on level 4 of the Dungeon.
You visited 1 branch of the dungeon, and saw 4 of its levels.

You collected 170 gold pieces.

Inventory:

Armour
 a - a +0 robe (worn)
 b - a +0 robe
 h - a +2 cloak (worn)
 l - a +0 helmet (worn)
Jewellery
 g - a ring of ice
 s - a +4 ring of slaying
Scrolls
 d - a scroll of magic mapping
 e - a scroll of silence
 k - a scroll of vulnerability
 m - a scroll of identify
 n - a scroll of teleportation
 q - a scroll of enchant armour {unknown}
 t - a scroll of fog {unknown}
Potions
 c - 3 potions of lignification
 f - 2 potions of mutation
 i - 2 potions of heal wounds
 j - 2 potions of curing
 o - a potion of attraction


   Skills:
 * Level 4.6 Armour
 - Level 2.1 Dodging
 - Level 1.5 Stealth
 * Level 10.6 Spellcasting


You knew the following spells:

 Your Spells              Type           Power      Damage    Failure   Level
a - Foxfire               Conj/Fire      100%       2x1d9     1%          1
b - Scorch                Fire           90%        2d9       1%          2
c - Volatile Blastmotes   Fire/Tloc      90%        2d17      1%          3
d - Inner Flame           Hex/Fire       45%        N/A       1%          3
e - Flame Wave            Conj/Fire      45%        2d12      1%          4
f - Necrotise             Necr           100%       1d9       1%          1
g - Static Discharge      Conj/Air       90%        2-6/arc   1%          2
h - Stone Arrow           Conj/Erth      90%        3d12      1%          3
Your spell library was empty.

Dungeon Overview and Level Annotations

Branches:
Dungeon (4/15)
 Temple: D:4-7

Altars:
Ashenzari
Dithmenos
Yredelemnul
The Shining One

Shops:
D:2 (

Annotations:
D:3 3 runed translucent doors, DemonSlayer's ghost, amateur DsEE


Innate Abilities, Weirdness & Mutations

You are immune to sickness and miasma.
You are immune to poison.
Your flesh is very heat resistant. (rF++)
You are vulnerable to cold. (rC-)
You float through the air rather than walking.
You learn spells naturally, not from books.
Your magical power is your life essence.
You have superior vitality. (+4 MHP)


Message History

The foxfire hits the orc warrior but does no damage.
The orc warrior is lightly wounded.
The orc warrior closely misses you.
The foxfire hits the orc warrior.
The orc warrior is moderately wounded.
Casting: Foxfire (safe; 1% risk of failure)
Confirm with . or Enter, or press ? or * to list all spells.
Flames lash the orc warrior.
The orc warrior is severely wounded.
The orc warrior's fire resistance burns away.
The foxfire hits the orc warrior!
The orc warrior is burned terribly!
The orc warrior is almost dead.
The foxfire hits the orc warrior but does no damage.
The orc warrior is almost dead.
The orc warrior closely misses you.
Casting: Scorch (safe; 1% risk of failure)
Confirm with . or Enter, or press ? or * to list all spells.
Flames lash the orc.
The orc is severely wounded.
The orc's fire resistance burns away.
The orc warrior closely misses you. The orc closely misses you.
Unknown command.
You conjure some foxfire!
The orc warrior hits you from afar with a +0 halberd!
The orc hits you but does no damage.
Casting: Foxfire (safe; 1% risk of failure)
Confirm with . or Enter, or press ? or * to list all spells.
Flames lash the orc.
The orc is burned terribly!
You kill the orc!
The foxfire hits the orc warrior but does no damage.
The orc warrior is almost dead.
The foxfire hits the orc warrior.
The orc warrior is almost dead.
The orc warrior hits you from afar with a +0 halberd!
* * * LOW HITPOINT WARNING * * *
Casting: Scorch (safe; 1% risk of failure)
Confirm with . or Enter, or press ? or * to list all spells.
Flames lash the orc warrior but do no damage.
* * * LOW HITPOINT WARNING * * *
The orc warrior hits you from afar with a +0 halberd!
You die...

..#.# ##.........##..)...........
..#.###..........#####...........
.................#####...........
#.#.#####...######...............
..#.#####.#####.....<....##......
..#...^...#..(.....)#....##......
.........................########
..############.§§)o.##...### ..#
#.§@).......... ..#
#.....<######## ### #......#
#......# ########


You could see an orc warrior (combustible).

Vanquished Creatures
  Eustachio (D:4)
  Duvessa (D:4)
  Dowan (D:4)
  Crazy Yiuf (D:3)
  Jessica (D:3)
  An iguana (D:3)
  Robin (D:3)
  5 adders
  A worm (D:2)
  3 dart slugs
  8 orcs
  9 endoplasms
  5 giant cockroaches
  7 goblins
  12 hobgoblins
  2 jackals (D:4)
  3 quokkas
  8 ball pythons
  3 bats
  4 frilled lizards
  5 kobolds
  5 rats
87 creatures vanquished.

Vanquished Creatures (others)
  358 foxfires
358 creatures vanquished.

Grand Total: 445 creatures vanquished

Notes
Turn   | Place    | Note
-------+----------+-------------------------------------------
     0 | D:1      | Pepete the Djinni Fire Elementalist began the quest for the
                  | Orb.
     0 | D:1      | Pepete set off with the following spells memorised:
                  | Foxfire, Scorch, Volatile Blastmotes, Inner Flame, Flame
                  | Wave.
     0 | D:1      | Reached XP level 1. HP: 15/15 MP: 0/0
   420 | D:1      | Reached skill level 1 in Armour
   420 | D:1      | Reached XP level 2. HP: 20/21 MP: 0/0
   975 | D:1      | Reached XP level 3. HP: 24/25 MP: 0/0
   975 | D:1      | Learned a level 1 spell: Necrotise
  1568 | D:2      | Reached skill level 3 in Spellcasting
  1589 | D:2      | Found Liose's Weapon Shoppe.
  1780 | D:2      | Reached XP level 4. HP: 29/31 MP: 0/0
  2312 | D:3      | Noticed Robin
  3031 | D:3      | Killed Robin
  3032 | D:3      | Reached XP level 5. HP: 29/35 MP: 0/0
  3032 | D:3      | Learned a level 2 spell: Static Discharge
  3442 | D:3      | Found a shadowy altar of Dithmenos.
  3451 | D:3      | Noticed Jessica
  3455 | D:3      | Killed Jessica
  3479 | D:3      | Found a runed translucent door.
  3480 | D:3      | Noticed Crazy Yiuf
  3542 | D:3      | Found a runed translucent gate.
  3542 | D:3      | Found a runed translucent gate.
  3542 | D:3      | Found a runed translucent gate.
  3547 | D:3      | Noticed DemonSlayer's ghost (amateur DsEE)
  3972 | D:3      | Killed Crazy Yiuf
  3973 | D:3      | Reached XP level 6. HP: 25/40 MP: 0/0
  4299 | D:3      | Found a faded altar of an unknown god.
  4440 | D:3      | Found a broken altar of Ashenzari.
  4760 | D:4      | Noticed an orc warrior
  5179 | D:4      | Noticed Duvessa
  5189 | D:4      | Killed Duvessa
  5190 | D:4      | Reached skill level 4 in Spellcasting
  5418 | D:4      | Noticed Eustachio
  5431 | D:4      | Reached skill level 10 in Spellcasting
  5431 | D:4      | Reached XP level 7. HP: 16/45 MP: 0/0
  5431 | D:4      | Learned a level 3 spell: Stone Arrow
  5439 | D:4      | Killed Eustachio
  5440 | D:4      | Reached XP level 8. HP: 13/50 MP: 0/0
  5777 | D:4      | Found a basalt altar of Yredelemnul.
  5788 | D:4      | Found a glowing golden altar of the Shining One.
  5790 | D:4      | Noticed an angel
  5914 | D:4      | Noticed Dowan
  5917 | D:4      | Killed Dowan
  5928 | D:4      | Slain by an orc warrior

Illustrated notes

Levels and vault maps discovered:
D:1:      dpeg_arrival_prison, layout_rooms, serial_co_window_serial,
          co_window_corner_a, co_window_corner_a, co_window_corner_a,
          co_window_cross_1, co_window_corner_a, co_window_paths_b,
          co_window_corner_a, co_window_broadway_b, co_window_2corner,
          co_window_broadway_b, glass_columns_b
D:2:      layout_basic, serial_shops, shop
D:3:      layout_loops_cross, ashenzari_altar_1,
          grunt_dithmenos_smoke_and_mirrors,
          hellmonk_ecumenical_altar_heavens_door, gammafunk_ghost_necromancy,
          minmay_misc_feat_diagonals, eino_tiny_chamber, uniq_jessica,
          uniq_crazy_yiuf_cottage, uniq_robin
D:4:      layout_rooms, grunt_temple_overflow_holy_war,
          nicolae_figureground_sparkle, uniq_eustachio, uniq_duvessa

Skill      XL: |  1  2  3  4  5  6 |
---------------+-------------------+-----
Armour         | 1 2 3 4 |  4.6
Spellcasting   | 3 10 | 10.6
Dodging        | |  2.1
Stealth        | |  1.5

Action                     |  1- 3 |  4- 6 |  7- 9 || total
---------------------------+-------+-------+-------++-------
   Cast: Foxfire           |    99 |   109 |    13 ||   221
         Scorch            |     1 |    52 |    12 ||    65
         Volatile Blastmot |       |     2 |       ||     2
    Use: Potion            |       |     7 |     1 ||     8
         Scroll            |       |     7 |       ||     7
 Armour: Robe              |     3 |    14 |     6 ||    23
  Dodge: Dodged            |    14 |    46 |    14 ||    74
